 Dungeon Crawl Stone Soup version 0.28-a0-691-gad6df49e81 (webtiles) character file.

Game seed: 11177306328311592972

95 ytrimaz the Chopper (level 4, 0/37 HPs)
             Began as a Formicid Fighter on Oct 22, 2021.
             Succumbed to Duvessa's poison
             ... on level 3 of the Dungeon.
             The game lasted 00:03:34 (2891 turns).

ytrimaz the Chopper (Formicid Fighter)              Turns: 2891, Time: 00:03:34

Health: 0/37       AC:  8    Str: 22    XL:     4   Next: 97%
Magic:  4/4        EV:  9    Int:  7    God:
Gold:   73         SH:  4    Dex: 10    Spells: 3/3 levels left

rFire   . . .      SeeInvis +   a - +0 war axe
rCold   . . .      Faith    .   c - +0 buckler
rNeg    . . .      Spirit   .   b - +0 scale mail
rPois   .          Reflect  .   (helmet unavailable)
rElec   .          Harm     .   (no cloak)
rCorr   .          Rampage  .   (no gloves)
Will    .....                   h - +0 pair of boots
Stlth   ..........              (no amulet)
HPRegen 0.12/turn               (no ring)
MPRegen 0.09/turn               (no ring)

@: mighty, lethally poisoned (0 -> -8)
A: permanent stasis, dig shafts and tunnels, antennae 3, four strong arms
a: Dig, Shaft Self


You were on level 3 of the Dungeon.
You visited 1 branch of the dungeon, and saw 4 of its levels.

You collected 73 gold pieces.

Inventory:

Hand Weapons
 a - a +0 war axe (weapon)
Armour
 b - a +0 scale mail (worn)
 c - a +0 buckler (worn)
 h - a +0 pair of boots (worn)
Wands
 n - a wand of polymorph (8)
Scrolls
 i - a scroll of enchant weapon
 k - a scroll of vulnerability
Potions
 d - 2 potions of might
 e - a potion of lignification
 l - 2 potions of curing {unknown}
 m - a potion of degeneration {unknown}


   Skills:
 + Level 3.8 Fighting
 * Level 4.0 Axes
 + Level 3.7 Armour
 - Level 3.6 Shields


You had 3 spell levels left.
You didn't know any spells.
Your spell library contained the following spells:

 Spells                   Type           Power      Damage    Failure   Level
 Summon Guardian Golem    Hex/Summ       0%         N/A       98%         3
 Orb of Destruction       Conj           0%         N/A       100%        7
 Spellforged Servitor     Conj/Summ      0%         N/A       100%        7


Dungeon Overview and Level Annotations

Branches:
Dungeon (4/15)
 Temple: D:4-7

Altars:
Cheibriados
Nemelex Xobeh
Ru
Wu Jian

Annotations:
D:4 Dowan, Duvessa


Innate Abilities, Weirdness & Mutations

You cannot be hasted, slowed, berserked, paralysed or teleported.
You can dig through walls and to a lower floor.
You have a pair of large antennae on your head. (SInv)
Your four strong arms can wield two-handed weapons with a shield.


Message History

The hobgoblin closely misses you.
There is a stone staircase leading up here.
Unknown command.
You feel very mighty all of a sudden.
You feel very sick.
Dowan gestures wildly while chanting.
Dowan blinks!
Duvessa hits you but does no damage.
You are more poisoned.
The hobgoblin barely misses you.
You barely miss Duvessa. You closely miss the hobgoblin.
You feel very sick.
Duvessa hits you with a +2 rapier of venom.
You are lethally poisoned!
You block the hobgoblin's attack. Duvessa barely misses you.
You slash Duvessa!
Duvessa is moderately wounded.
You barely miss the hobgoblin.
You feel extremely sick. The hobgoblin misses you. Duvessa closely misses you.
Unknown command.
You barely miss Duvessa.
Duvessa is moderately wounded.
You slash the hobgoblin!
You kill the hobgoblin!
You feel very sick.
Duvessa says, "Where magic fails, the sword succeeds!"
Duvessa hits you with a +2 rapier of venom.
* * * LOW HITPOINT WARNING * * *
Okay, then.
* * * LOW HITPOINT WARNING * * *
You feel very sick.
Dowan says, "Stay away from my face!"
Duvessa barely misses you.
You climb upwards.
* * * LOW HITPOINT WARNING * * *
You feel very sick.
There is a stone staircase leading down, spattered with blood here.
It was a potion of berserk rage.
Your stasis prevents you from going berserk.
You die...

##### #....##.#.# #####......
>...# ####....##.#.# #...###
###.# #.......##.#.# #...# #
###.# #.......)....# #...#
..<.# #.......##.#########...#
########...#.####.........#...#
...............##..######.#...#
############+#.#...#......#...#
.........##.....@#.###.####...#
########.##.....)#...(........#
..........#......#####.####.#.#
########..#......# #.# #.#.#
.......#..#......# #.# #.#.#
.......#..##'#'#.#####.# #.#.#
.......'....)..#.#.....# #.#.#
.......###.....#.##########.#.#
.>.......'.....#............#.#


There were no monsters in sight!

Vanquished Creatures
  3 adders (D:3)
  A worm (D:3)
  A dart slug (D:2)
  7 orcs (D:3)
  5 ball pythons
  4 endoplasms
  A giant cockroach (D:1)
  7 goblins
  5 hobgoblins
  3 jackals
  2 kobolds (D:1)
  A quokka (D:1)
  6 bats
  3 frilled lizards (D:2)
  4 rats
53 creatures vanquished.

Notes
Turn   | Place    | Note
-------+----------+-------------------------------------------
     0 | D:1      | ytrimaz the Formicid Fighter began the quest for the Orb.
     0 | D:1      | Reached XP level 1. HP: 18/18 MP: 1/1
   169 | D:1      | Found a faded altar of an unknown god.
   180 | D:1      | Reached XP level 2. HP: 24/24 MP: 2/2
   420 | D:1      | Reached XP level 3. HP: 29/29 MP: 3/3
   914 | D:2      | Reached skill level 3 in Axes
  1105 | D:3      | Found a sparkling altar of Nemelex Xobeh.
  1120 | D:3      | Found a snail-covered altar of Cheibriados.
  1457 | D:3      | Found an ornate altar of the Wu Jian Council.
  1603 | D:3      | Found a sacrificial altar of Ru.
  1750 | D:3      | Reached XP level 4. HP: 37/37 MP: 4/4
  2651 | D:4      | Noticed Duvessa
  2653 | D:4      | Noticed Dowan
  2666 | D:3      | Reached skill level 4 in Axes
  2891 | D:3      | Succumbed to Duvessa's poison

Illustrated notes

Levels and vault maps discovered:
D:1:      ncdulo_halloftheorcs, layout_basic, basic_ecumenical_altar,
          minmay_misc_feat_encased
D:2:      layout_basic, minmay_misc_feat_rows, st_stairs_5
D:3:      layout_basic, overflow_temple_1_default, nzn_wu_jian_council_hall,
          cheibriados_altar_1, nicolae_ru_the_path_less_chosen
D:4:      minmay_general_purpose_star, layout_cave_pools,
          mainiacjoe_overflow_catwalk, general_overflow_altar, uniq_menkaure,
          uniq_duvessa, uniq_edmund, uniq_crazy_yiuf_cottage

Skill      XL: |  1  2  3  4 |
---------------+-------------+-----
Axes           | 3 4 |  4.0
Fighting       | |  3.8
Armour         | |  3.7
Shields        | |  3.6

Action                   |  1- 3 |  4- 6 || total
-------------------------+-------+-------++-------
Melee: War axe           |    95 |    48 ||   143
 Abil: Dig               |     3 |       ||     3
  Use: Scroll            |     2 |     2 ||     4
       Potion            |       |     2 ||     2
Armor: Scale mail        |    52 |    30 ||    82
Dodge: Dodged            |    57 |    31 ||    88
Block: Buckler           |    26 |    11 ||    37

Table legend: (Time is in decaauts)
 A = Elapsed time spent in this place.
 B = Non-inter-level travel time spent in this place.
 C = Inter-level travel time spent in this place.
 D = Time resting spent in this place.
 E = Time spent auto-exploring this place.
 F = Levels seen in this place.
 G = Mean time per level.
                   A        B        C        D        E       F      G
               +--------+--------+--------+--------+--------+-----+--------+
         Total |   2941 |   2858 |     83 |    215 |   2237 |   4 |  735.2 |
       Dungeon |   2941 |   2858 |     83 |    215 |   2237 |   4 |  735.2 |
               +--------+--------+--------+--------+--------+-----+--------+

Top non-repeatable levels by time:
     D:3: 1801 daAuts
     D:1: 658 daAuts
     D:2: 467 daAuts
     D:4: 13 daAuts
